 Dungeon Crawl Stone Soup version 0.21.1-1-g345015f (webtiles) character file.

3885 Kagorn the Skirmisher (level 10, -1/63 HPs)
             Began as a Gargoyle Fighter on June 10, 2018.
             Slain by Erica
             ... wielding a +4 scimitar of flaming
              (5 damage)
             ... on level 9 of the Dungeon.
             The game lasted 01:04:09 (5892 turns).

Kagorn the Skirmisher (Gargoyle Fighter)            Turns: 5892, Time: 01:04:13

Health: -1/63      AC: 17    Str: 29    XL:     10   Next: 19%
Magic:  19/19      EV: 10    Int:  5    God:
Gold:   249        SH:  0    Dex: 10    Spells: 9/9 levels left

rFire    . . .     SeeInvis .   u - +2 falchion of Hyrumpau {flame, rPois rN+ Str+8 Int-3}
rCold    . . .     Gourm    .   c - +1 shield
rNeg     + + .     Faith    .   b - +0 scale mail
rPois    ∞         Spirit   .   k - +0 hat of Xom's Wrath {MP+9 Str+2}
rElec    +         Reflect  .   (no cloak)
rCorr    .         Harm     .   (no gloves)
MR       .....                  (no boots)
Stlth    ..........             o - amulet of regeneration
HPRegen  0.60/turn              e - ring of wizardry
MPRegen  0.16/turn              (no ring)

@: confused, slowed, very slow
A: molten scales 1, clumsy 1, dopey 1, negative energy resistance 1, screaming
1, electricity resistance, unbreathing, petrification resistance, rot immunity,
AC +7
a: no special abilities


You were on level 9 of the Dungeon.
You were not hungry.

You visited 2 branches of the dungeon, and saw 10 of its levels.

You collected 249 gold pieces.

Inventory:

Hand Weapons
 a - a +1 vampiric dagger
 q - a +0 dagger of chaos
 u - the +2 falchion of Hyrumpau (weapon) {flame, rPois rN+ Str+8 Int-3}
   (You found it on level 5 of the Dungeon)

   It has been specially enchanted to burn those struck by it, causing extra
   injury to most foes and up to half again as much damage against particularly
   susceptible opponents.
   Big, fiery blades are also staple armaments of hydra-hunters.
   It affects your strength (+8).
   It affects your intelligence (-3).
   It protects you from poison.
   It protects you from negative energy.
Armour
 b - a +0 scale mail (worn)
 c - a +1 shield (worn)
 k - the +0 hat of Xom's Wrath (worn) {MP+9 Str+2}
   (You found it on level 4 of the Dungeon)

   It affects your strength (+2).
   It affects your magic capacity (+9).
 l - a +0 helmet
 p - a +0 helmet
Magical Staves
 n - an uncursed staff of air
Jewellery
 e - a ring of wizardry (left hand)
 o - an amulet of regeneration (around neck)
 C - an uncursed amulet of guardian spirit
Wands
 i - a wand of iceblast (8)
Scrolls
 g - a scroll of magic mapping
 h - a scroll of holy word
 j - 7 scrolls of teleportation
 m - a scroll of enchant weapon
 t - 2 scrolls of identify
 v - 5 scrolls of remove curse
Potions
 d - a potion of might
 r - a potion of haste
 w - 2 potions of brilliance
Comestibles
 f - 21 rations


   Skills:
 + Level 7.4 Fighting
 + Level 5.5 Long Blades
 + Level 7.1 Armour
 + Level 4.7 Dodging
 + Level 6.9 Stealth
 + Level 7.2 Shields


You had 9 spell levels left.
You didn't know any spells.

Dungeon Overview and Level Annotations

Branches:
Dungeon (9/15)             Temple (1/1) D:5
   Lair: D:8-11         Orc: D:9-12

Altars:
Ashenzari
Cheibriados
Dithmenos
Elyvilon
Hepliaklqana
Kikubaaqudgha
Makhleb
Nemelex Xobeh
Okawaru
Ru
Sif Muna
Uskayaw
Vehumet
Wu Jian
Xom
Zin
The Shining One

Annotations:
D:9 Erica


Innate Abilities, Weirdness & Mutations

You are resistant to torment.
Your stone body is resilient. (AC +7)
You are immune to poison.
You resist negative energy. (rN+)
You are resistant to electric shocks. (rElec)
You can survive without breathing.
You are immune to petrification.
You are immune to rotting.
You are partially covered in molten scales. (AC +2)
You are clumsy. (Dex -2)
You are dopey. (Int -2)
You occasionally shout uncontrollably at your foes.


Message History

* * * LOW HITPOINT WARNING * * *
You block the centaur's attack.
You hear some strange, mumbled words.
You are confused.
You're too confused!
You bump into the rock wall.
The centaur closely misses you. Something hits you!
* * * LOW HITPOINT WARNING * * *
Something burns you.
* * * LOW HITPOINT WARNING * * *
The centaur hits you but does no damage.
Something hits you but does no damage.
Unknown command.
You closely miss the centaur.
The centaur is moderately wounded.
The centaur hits you but does no damage.
Something hits you but does no damage.
The centaur hits you but does no damage.
Something hits you.
You die...

# .. ... ..# #. ..
.##.# #########.#.###
.....####.(....@c......
..........####.#{.....>
.....§#§.# #.#....###
.....§§§####.#.......
#..#.§§§§§...#$#..###
#..#.§§§§§...#.#..#
#..#..§§§....#.# .#
####......§####.#.# .#
......#.#.##### #


You could see a centaur.

Vanquished Creatures
  Psyche (D:8)
  A troll (D:9)
  The ghost of Bnni the Grasshopper, an amateur GnWr (D:4)
  4 hogs (D:7)
  A human (D:7)
  Menkaure (D:4)
  An ice beast (D:7)
  A black bear (D:8)
  A sky beast (D:6)
  2 phantoms
  The ghost of Iko the Stinger, an amateur DDVM of Yredelemnul (D:5)
  6 ogres
  4 centaurs
  2 big kobolds
  A bullfrog (D:7)
  4 scorpions
  A crimson imp (D:7)
  A hound (D:9)
  A bullfrog zombie (D:9)
  A quasit (D:9)
  A bullfrog skeleton (D:4)
  Jessica (D:3)
  2 iguanas (D:5)
  3 orc wizards
  A hound zombie (D:7)
  A worker ant zombie (D:2)
  9 adders
  4 gnolls (D:4)
  A shadow imp (D:8)
  An ooze (D:6)
  2 adder skeletons
  3 worms (D:2)
  3 dart slugs
  4 leopard geckos
  12 orcs
  6 bats
  3 bat zombies (D:2)
  8 giant cockroaches
  8 goblins
  10 hobgoblins
  3 jackals (D:3)
  13 kobolds
  2 quokkas
  2 ball pythons
  6 frilled lizards
  A giant cockroach zombie (D:5)
  A leopard gecko skeleton (D:2)
  A quokka zombie (D:2)
  3 rats
  A withered plant (D:2)
152 creatures vanquished.

Vanquished Creatures (others)
  An ogre (D:9)
  An orc wizard (D:9)
  4 orcs (D:9)
6 creatures vanquished.

Grand Total: 158 creatures vanquished

Notes
Turn   | Place    | Note
-------+----------+-------------------------------------------
     0 | D:1      | Kagorn the Gargoyle Fighter began the quest for the Orb.
     0 | D:1      | Reached XP level 1. HP: 14/14 MP: 1/1
   107 | D:1      | Reached XP level 2. HP: 8/19 MP: 2/2
   589 | D:1      | Reached XP level 3. HP: 23/23 MP: 3/3
   757 | D:2      | Reached skill level 1 in Stealth
   923 | D:2      | Found a sparkling altar of Nemelex Xobeh.
  1153 | D:2      | Reached skill level 1 in Dodging
  1183 | D:2      | Reached XP level 4. HP: 26/29 MP: 4/4
  1956 | D:3      | Noticed Jessica
  1984 | D:3      | Killed Jessica
  1984 | D:3      | Reached XP level 5. HP: 33/33 MP: 5/5
  2655 | D:4      | Reached XP level 6. HP: 15/38 MP: 6/6
  2658 | D:4      | Got a brightly glowing hat
  2663 | D:4      | Identified the +0 hat of Xom's Wrath {MP+9 Str+2} (You found it on level 4 of the Dungeon)
  2760 | D:4      | Noticed Bnni's ghost (amateur GnWr)
  2802 | D:4      | Killed Bnni's ghost
  2802 | D:4      | Reached XP level 7. HP: 23/44 MP: 7/7
  3065 | D:4      | Reached skill level 5 in Fighting
  3136 | D:4      | Noticed Menkaure
  3151 | D:4      | Killed Menkaure
  3151 | D:4      | Reached skill level 5 in Armour
  3151 | D:4      | Reached skill level 5 in Shields
  3151 | D:4      | Reached XP level 8. HP: 7/49 MP: 8/8
  3427 | D:5      | Entered Level 5 of the Dungeon
  3445 | D:5      | Noticed Iko's ghost (amateur DDVM)
  3468 | D:5      | Killed Iko's ghost
  3609 | D:5      | Got an ancient falchion
  3610 | D:5      | Identified the cursed +2 falchion of Hyrumpau {flame, rPois rN+ Str+8 Int-3} (You found it on level 5 of the Dungeon)
  3801 | D:5      | Found a staircase to the Ecumenical Temple.
  3809 | Temple   | Entered the Ecumenical Temple
  4172 | D:5      | Gained mutation: You are dopey. (Int -2) [potion of mutation]
  4172 | D:5      | Gained mutation: You are clumsy. (Dex -2) [potion of mutation]
  4172 | D:5      | Gained mutation: You occasionally shout uncontrollably at your foes. [potion of mutation]
  4172 | D:5      | Gained mutation: You are partially covered in molten scales. (AC +2) [potion of mutation]
  4289 | D:6      | Found a snail-covered altar of Cheibriados.
  4313 | D:6      | Reached skill level 5 in Stealth
  4764 | D:7      | Reached XP level 9. HP: 55/55 MP: 9/9
  4987 | D:7      | Reached skill level 5 in Long Blades
  5351 | D:7      | Found an ancient bone altar of Kikubaaqudgha.
  5351 | D:7      | Found a hide-covered altar of Uskayaw.
  5471 | D:8      | Noticed Psyche
  5494 | D:8      | Killed Psyche
  5494 | D:8      | Reached XP level 10. HP: 63/63 MP: 10/10
  5631 | D:8      | Noticed a two-headed ogre
  5861 | D:9      | Noticed Erica
  5891 | D:9      | HP: 3/63 [something (3)]
  5892 | D:9      | Slain by Erica

Skill      XL: |  1  2  3  4  5  6  7  8  9 10 |
---------------+-------------------------------+-----
Long Blades    | 2 3 4 5 |  5.5
Stealth        | 1 2 3 4 5 6 |  6.9
Dodging        | 1 2 3 4 |  4.7
Fighting       | 4 5 6 7 |  7.4
Armour         | 4 5 6 7 |  7.1
Shields        | 4 5 7 |  7.2

Action                   |  1- 3 |  4- 6 |  7- 9 | 10-12 || total
-------------------------+-------+-------+-------+-------++-------
Melee: Long sword        |   179 |   238 |   135 |       ||   552
       Falchion          |       |       |   221 |    86 ||   307
  Use: Scroll            |     4 |     4 |     8 |     5 ||    21
       Potion            |     2 |     2 |     8 |     8 ||    20
 Stab: Sleeping          |       |       |       |     3 ||     3
  Eat: Chunk             |       |     2 |     2 |       ||     4
       Ration            |       |     3 |     3 |       ||     6
Armor: Scale mail        |    67 |   126 |   187 |    95 ||   475
Dodge: Dodged            |    43 |    84 |   132 |    61 ||   320
Block: Shield            |    70 |   132 |   233 |    95 ||   530
       Rpst.: Long sword |    13 |    27 |    10 |       ||    50
       Falchion          |       |       |    36 |     8 ||    44
